 Dungeon Crawl Stone Soup version 0.25.0-9-g26727b657a (webtiles) character file.

Game seed: 11354437855349628529

819 vurker the Gusty (level 7, -7/41 HPs)
             Began as a Tengu Air Elementalist on June 17, 2020.
             Killed from afar by an orc wizard (12 damage)
             ... with a puff of flame
             ... on level 4 of the Dungeon.
             The game lasted 00:06:08 (4623 turns).

vurker the Gusty (Tengu Air Elementalist)           Turns: 4623, Time: 00:06:09

Health: -7/41      AC:  3    Str:  8    XL:     7   Next: 95%
Magic:  6/15       EV: 15    Int: 17    God:
Gold:   216        SH:  0    Dex: 15    Spells: 5/15 levels left

rFire    . . .     SeeInvis .   d - +0 whip
rCold    . . .     Gourm    .   (no shield)
rNeg     . . .     Faith    .   a - +0 robe
rPois    .         Spirit   .   (helmet restricted)
rElec    .         Reflect  .   (no cloak)
rCorr    .         Harm     .   h - +0 pair of gloves
MR       .....                  (boots unavailable)
Stlth    ++........             p - amulet of regeneration
HPRegen  0.53/turn              (no ring)
MPRegen  0.14/turn              (no ring)

@: flying quickly and evasively, quick
A: beak, talons 3, able to fly
a: Stop Flying


You were on level 4 of the Dungeon.
You were not hungry.

You visited 1 branch of the dungeon, and saw 4 of its levels.

You collected 216 gold pieces.

Inventory:

Hand Weapons
 d - a +0 whip (weapon)
   (You took it off a kobold on level 2 of the Dungeon)
Armour
 a - a +0 robe (worn)
 h - a +0 pair of gloves (worn)
   (You found it on level 3 of the Dungeon)
Jewellery
 p - an amulet of regeneration (around neck)
   (You found it on level 3 of the Dungeon)
Scrolls
 g - a scroll of remove curse
Potions
 b - 4 potions of heal wounds
 c - 2 potions of curing
 f - 2 potions of haste
 j - a potion of mutation
 k - a potion of stabbing {unknown}
 m - a potion of lignification {unknown}
Comestibles
 e - 6 rations
 i - 2 chunks of flesh


   Skills:
 + Level 3.2 Fighting
 - Level 2.1 Dodging
 - Level 2.0 Stealth
 * Level 4.9 Spellcasting
 + Level 4.7 Conjurations
 * Level 7.5 Air Magic


You had 5 spell levels left.
You knew the following spells:

 Your Spells              Type           Power        Failure   Level  Hunger
a - Shock                 Conj/Air       ####         1%          1    None
b - Lightning Bolt        Conj/Air       ####......   32%         5    ######.
c - Airstrike             Air            ####......   6%          4    ####...

Your spell library contained the following spells:

 Spells                   Type           Power        Failure   Level  Hunger
 Static Discharge         Conj/Air       ####....     3%          3    ###....
 Swiftness                Chrm/Air       ###.....     4%          2    #......


Dungeon Overview and Level Annotations

Branches:
Dungeon (4/15)
 Temple: D:4-7

Altars:
Cheibriados
Gozag


Innate Abilities, Weirdness & Mutations

You have a beak for a mouth.
You have claws for feet.
You can fly continuously.


Message History

The zap hits the orc.
Aim: an orc, wearing a +0 leather armour and quivering 23 stones (almost dead)
The zap hits the orc!
You kill the orc!
An orc wizard comes into view. It is wielding a +0 dagger.
An orc priest comes into view. It is wielding a +0 hand axe.
Aim: an orc wizard, wielding a +0 dagger and wearing a +0 robe (wandering, hasn't noticed you)
The zap hits the orc wizard.
The orc wizard shouts!
The orc priest shouts!
The orc wizard points at you and mumbles some strange words.
You resist with some effort.
Aim: an orc wizard, wielding a +0 dagger and wearing a +0 robe (lightly wounded)
The zap hits the orc wizard.
The orc wizard casts a spell.
The orc wizard seems to speed up.
The orc priest calls down the wrath of Beogh upon you.
Beogh smites you!
Aim: an orc priest, wielding a +0 hand axe The zap hits the orc wizard.
The zap hits the orc priest.
The orc wizard looks satisfied for a moment.
Aim: an orc wizard, wielding a +0 dagger and wearing a +0 robe (lightly wounded, fast)
The zap hits the orc wizard.
The orc wizard casts a spell at you. The magic dart hits you.
The orc wizard mumbles some strange words.
The orc wizard blinks!
Aim: an orc priest, wielding a +0 hand axe (almost dead)
The zap misses the orc priest.
The orc priest looks satisfied for a moment.
Aim: an orc priest, wielding a +0 hand axe (almost dead)
The zap hits the orc priest.
The orc wizard gestures wildly while chanting.
The orc wizard seems to speed up.
The orc priest invokes the aid of Beogh against you.
Beogh smites you!
* * * LOW HITPOINT WARNING * * *
Aim: an orc priest, wielding a +0 hand axe (almost dead)
The zap hits the orc priest.
You kill the orc priest!
You see here a chain mail.
The zap misses the orc wizard. x2
The orc wizard hits you with a +0 dagger.
* * * LOW HITPOINT WARNING * * *
The orc wizard points at you and mumbles some strange words.
The magic dart hits you!
* * * LOW HITPOINT WARNING * * *
The orc wizard completely misses you. The orc wizard casts a spell at you.
The puff of flame hits you!
You die...

... #...........## ###.#
#.# ###....###.... ##_#.#
#.#####..........# ##≈≈≈.#
#........#.###...# #≈≈≈≈≈#
#.###..#.#.÷)...). #≈≈.≈≈#
#.# #..#.#.###.... #≈≈≈≈≈#
#.# #...(.....(...
#.≈≈≈.###.####o..#.###.##.
##.........@.oo..#.#
##.#####.######.#.# #.#
#.# #.#.# #.# #÷# #.#.#
#.# #.# #.#.# #.# #.#
#.#.. #.# ... #.# ...
..... .#. .....).


You could see 2 orc wizards and an orc.

Vanquished Creatures
  Sigmund (D:3)
  An ice beast (D:3)
  An ogre (D:4)
  A hound (D:4)
  An orc wizard (D:3)
  2 orc priests
  2 iguanas (D:4)
  Natasha (thrice) (D:3)
  2 worker ants (D:4)
  A hound skeleton (D:3)
  3 gnolls (D:3)
  7 adders
  A dart slug (D:4)
  6 leopard geckos
  8 orcs
  3 bats
  3 giant cockroaches
  4 goblins
  6 hobgoblins
  8 jackals
  5 quokkas
  2 ball pythons
  5 frilled lizards
  4 kobolds
  9 rats
89 creatures vanquished.

Notes
Turn   | Place    | Note
-------+----------+-------------------------------------------
     0 | D:1      | vurker the Tengu Air Elementalist began the quest for the
                  | Orb.
     0 | D:1      | Reached XP level 1. HP: 10/10 MP: 4/4
   434 | D:1      | Reached XP level 2. HP: 16/16 MP: 3/6
  1155 | D:2      | Reached XP level 3. HP: 20/20 MP: 1/7
  1186 | D:2      | Reached skill level 1 in Fighting
  1241 | D:2      | Found an opulent altar of Gozag.
  1610 | D:3      | Reached XP level 4. HP: 11/25 MP: 5/8
  1834 | D:3      | Reached skill level 5 in Air Magic
  1837 | D:3      | Gained mutation: You can fly continuously. [Tengu growth]
  1837 | D:3      | Reached XP level 5. HP: 17/29 MP: 0/10
  1864 | D:3      | Learned a level 5 spell: Lightning Bolt
  1869 | D:3      | Learned a level 4 spell: Airstrike
  2393 | D:3      | Noticed Sigmund
  2404 | D:3      | Killed Sigmund
  2404 | D:3      | Reached skill level 6 in Air Magic
  2404 | D:3      | Reached XP level 6. HP: 35/35 MP: 6/12
  2681 | D:3      | Noticed an ice beast
  2695 | D:3      | Killed an ice beast
  2695 | D:3      | Reached XP level 7. HP: 22/40 MP: 9/14
  2851 | D:3      | Noticed Natasha
  2857 | D:3      | Killed Natasha
  3285 | D:3      | Noticed Natasha
  3290 | D:3      | Killed Natasha
  3673 | D:3      | Noticed Natasha
  3677 | D:3      | Killed Natasha
  4074 | D:4      | Reached skill level 7 in Air Magic
  4561 | D:4      | Found a snail-covered altar of Cheibriados.
  4623 | D:4      | Killed from afar by an orc wizard

Illustrated notes

Levels and vault maps discovered:
D:1:      eino_arrival_druids_welcome, layout_basic, minmay_misc_feat_iff
D:2:      minmay_spotlight, layout_rooms, lemuel_crystal_altar
D:3:      layout_rooms, uniq_sigmund, uniq_natasha
D:4:      layout_loops_ring, tgw_sif, kennysheep_slug_shrine,
          kennysheep_little_box, minmay_temple_entry_statues_fountains,
          first_ration

Skill      XL: |  1  2  3  4  5  6  7 |
---------------+----------------------+-----
Conjurations   | 2 3 4 |  4.7
Fighting       | 1 2 3 |  3.2
Air Magic      | 5 6 7 |  7.5
Spellcasting   | 3 4 |  4.9
Dodging        | |  2.1
Stealth        | |  2.0

Action                   |  1- 3 |  4- 6 |  7- 9 || total
-------------------------+-------+-------+-------++-------
Melee: Unarmed           |    10 |       |       ||    10
       Peck              |     2 |     1 |       ||     3
       Whip              |       |     7 |       ||     7
       Kick              |       |     1 |       ||     1
 Cast: Shock             |    55 |    57 |   102 ||   214
       Airstrike         |       |       |     1 ||     1
 Abil: Fly               |       |     1 |       ||     1
  Use: Potion            |       |     1 |       ||     1
       Scroll            |       |       |    10 ||    10
  Eat: Chunk             |     3 |     3 |     6 ||    12
Armor: Robe              |    12 |     7 |     2 ||    21
Dodge: Dodged            |    24 |     8 |    19 ||    51
